Map: Catalyst LE

Players

Elazer - Winner!

  • Race: Zerg Zerg
  • Spawn Location: 5:00

Nice

  • Race: Protoss Protoss
  • Spawn Location: 11:00

Event: IEM Season 12 - PyeongChang

VOD

Have the link to the VOD?

Description

Time

  • Played on: Feb. 4, 2018, 10:41 p.m.
  • Length: 9:41

All games in this series

Show
View Real Time Build Order
Export as new Build Order

Elazer Zerg - Winner!

Build Orders: Hatch First, Roach Hydra 

Get SALT Encoding   

  12  0:00  Drone  
  13  0:11  Overlord  
  13  0:16  Drone  
  14  0:30  Drone x2  
  16  0:48  Hatchery  
  15  0:51  Drone  
  15  0:54  Drone  
  17  0:58  Drone  
  18  1:08  Extractor  
  17  1:13  Spawning Pool  
  17  1:16  Drone  
  17  1:20  Drone  
  18  1:27  Drone  
  19  1:38  Drone  
  20  1:48  Overlord  
  20  2:00  Queen x2  
  20  2:01  Zergling x4  
  26  2:08  Metabolic Boost  
  26  2:10  Drone  
  26  2:12  Drone  
  28  2:21  Drone  
  28  2:22  Drone  
  30  2:36  Hatchery  
  29  2:39  Drone  
  30  2:44  Queen  
  30  2:49  Overlord  
  32  2:51  Drone  
  32  2:54  Drone  
  34  3:03  Drone x2  
  37  3:12  Drone  
  37  3:13  Drone  
  37  3:14  Drone  
  37  3:15  Drone  
  40  3:20  Overlord  
  40  3:21  Queen  
  40  3:23  Drone x2  
  44  3:33  Overlord  
  44  3:38  Lair  
  44  3:39  Drone x2  
  46  3:45  Spore Crawler  
  46  3:46  Overlord  
  46  3:48  Drone  
  46  3:49  Drone x2  
  46  3:50  Drone  
  49  3:55  Roach Warren  
  49  3:57  Drone  
  49  3:59  Drone, Extractor  
  49  4:01  Drone  
  50  4:03  Drone  
  50  4:05  Drone  
  50  4:07  Drone, Extractor  
  52  4:13  Overlord  
  52  4:14  Drone  
  52  4:15  Drone  
  54  4:20  Drone x2  
  54  4:23  Zergling x2  
  54  4:24  Zergling x6  
  60  4:30  Overlord  
  60  4:31  Zergling x4  
  62  4:35  Glial Reconstitution  
  62  4:36  Roach  
  62  4:38  Roach  
  66  4:39  Roach  
  66  4:42  Roach  
  66  4:45  Roach  
  72  4:49  Roach x2  
  76  4:54  Overlord  
  76  4:57  Roach x2  
  80  5:03  Overlord  
  80  5:05  Drone x4  
  80  5:07  Drone  
  85  5:11  Overseer, Drone x2  
  85  5:13  Drone x2  
  89  5:18  Extractor  
  89  5:19  Overlord, Hydralisk Den  
  87  5:23  Drone x2  
  89  5:31  Overlord  
  89  5:34  Overlord  
  89  5:37  Drone x5  
  89  5:38  Extractor  
  92  5:47  Spore Crawler  
  92  5:49  Spore Crawler  
  90  5:52  Hydralisk x4  
  90  5:56  Hydralisk x2  
  102  6:08  Hydralisk x3  
  102  6:09  Hydralisk  
  110  6:12  Muscular Augments  
  110  6:16  Overlord  
  110  6:19  Overlord  
  110  6:20  Drone x3  
  110  6:22  Extractor  
  110  6:23  Overlord  
  110  6:24  Evolution Chamber  
  111  6:31  Overlord  
  107  6:36  Drone x7  
  108  6:45  Drone x2  
  108  6:46  Drone x3  
  108  6:47  Hydralisk  
  111  6:50  Roach  
  111  6:52  Roach  
  117  6:58  Roach  
  117  6:59  Roach x2  
  123  7:05  Overlord x2  
  123  7:07  Zerg Missile Weapons Level 1  
  122  7:18  Overlord  
  108  7:31  Hydralisk  
  108  7:32  Hydralisk x3  
  108  7:36  Overlord, Hydralisk  
  114  7:37  Hydralisk x4  
  114  7:38  Ravager  
  114  7:39  Ravager x2  
  127  7:47  Hydralisk x2  
  127  7:50  Hydralisk  
  133  7:52  Hydralisk  
  133  7:56  Grooved Spines  
  133  7:58  Hydralisk  
  137  8:04  Hydralisk  
  137  8:05  Hydralisk  
  143  8:12  Roach  
  143  8:13  Roach x3  
  143  8:16  Ravager  
  143  8:17  Ravager  
  143  8:18  Hydralisk  
  153  8:26  Hydralisk x3  
  153  8:30  Zergling x4  
  153  8:32  Overlord  
  161  8:35  Ravager  
  162  8:45  Overseer  
  135  9:07  Roach x2  
  135  9:08  Roach x10  
  135  9:09  Roach  
  147  9:10  Roach  
Show
View Real Time Build Order
Export as new Build Order

Nice Protoss 

Build Orders: 1 Gate Expand 

Get SALT Encoding   

  12  0:00  Probe  
  13  0:13  Probe  
  14  0:20  Pylon  
  14  0:25  Probe  
  15  0:38  Probe (Chrono Boost)  
  15  0:39  Gateway  
  16  0:49  Assimilator  
  17  0:50  Probe (Chrono Boost)  
  17  0:55  Probe (Chrono Boost)  
  18  1:05  Probe (Chrono Boost)  
  19  1:16  Probe (Chrono Boost)  
  20  1:21  Probe (Chrono Boost)  
  21  1:29  Nexus  
  21  1:37  Cybernetics Core  
  21  1:41  Probe  
  21  1:46  Assimilator  
  22  1:53  Pylon  
  22  1:55  Probe  
  23  2:11  Probe  
  23  2:12  Adept (Chrono Boost)  
  23  2:15  Warp Gate  
  26  2:19  Twilight Council  
  26  2:24  Probe  
  27  2:30  Stalker  
  27  2:36  Probe  
  30  2:41  Probe (Chrono Boost)  
  32  2:53  Probe x2 (Chrono Boost)  
  32  2:55  Resonating Glaives (Chrono Boost)  
  33  3:00  Probe (Chrono Boost)  
  33  3:01  Adept  
  33  3:02  Probe (Chrono Boost)  
  37  3:08  Probe  
  39  3:20  Probe x2  
  39  3:25  Gateway  
  40  3:28  Adept  
  40  3:32  Gateway, Probe x2  
  44  3:44  Probe x2  
  44  3:45  Pylon  
  46  3:51  Pylon  
  46  4:03  Probe x2  
  46  4:04  Assimilator  
  46  4:05  Pylon  
  46  4:07  Assimilator  
  48  4:15  Probe  
  49  4:19  Adept x2  
  49  4:24  Stargate  
  53  4:26  Stargate, Adept  
  53  4:28  Probe  
  56  4:31  Probe  
  56  4:33  Pylon  
  56  4:37  Pylon  
  57  4:40  Probe  
  58  4:46  Adept x2  
  58  4:47  Adept  
  64  5:08  Phoenix (Chrono Boost)  
  64  5:09  Adept x2  
  64  5:10  Adept  
  64  5:11  Phoenix (Chrono Boost)  
  74  5:23  Pylon  
  78  5:40  Phoenix x2 (Chrono Boost)  
  78  5:49  Nexus  
  78  5:51  Pylon  
  78  5:59  Probe x2, Phoenix x2 (Chrono Boost)  
  78  6:00  Robotics Facility  
  84  6:10  Protoss Air Weapons Level 1  
  84  6:11  Probe  
  84  6:17  Adept x2  
  84  6:18  Adept  
  91  6:19  Phoenix  
  91  6:20  Phoenix  
  91  6:48  Robotics Bay  
  91  6:49  Warp Prism (Chrono Boost)  
  91  6:53  Probe x2 (Chrono Boost)  
  91  7:00  Robotics Facility  
  91  7:04  Adept, Probe x2 (Chrono Boost)  
  91  7:05  Adept x2  
  99  7:08  Probe x2 (Chrono Boost)  
  99  7:13  Probe  
  97  7:23  Probe  
  97  7:24  Probe  
  91  7:33  Colossus (Chrono Boost)  
  91  7:34  Probe  
  91  7:35  Probe  
  91  7:36  Extended Thermal Lance (Chrono Boost)  
  91  7:40  Adept x2  
  91  7:41  Adept  
  97  7:48  Probe  
  97  7:49  Probe x2  
  100  7:52  Shield Battery x2, Colossus (Chrono Boost)  
  100  7:53  Pylon  
  106  8:09  Gateway x2, Probe x2  
  106  8:10  Probe  
  106  8:12  Gateway  
  109  8:21  Probe x2  
  109  8:25  Sentry x3  
  118  8:30  Shield Battery, Pylon  
  118  8:34  Shield Battery  
  117  8:43  Colossus (Chrono Boost), Pylon  
  121  8:54  Sentry  
  117  8:56  Zealot x2  
  91  9:14  Adept  
  82  9:18  Adept x3  
  82  9:19  Adept  

Tags
 
Add a new tag
Caveats
  • Supply blocks, unpowered buildings, or Contaminate may cause inaccurate times.
  • Supply counts are checked every 10 seconds.